[Event "Ceske Budejovice GM 2018"]
[Site "Ceske Budejovice"]
[Date "2018.06.22"]
[Round "2"]
[White "Voloshin, Leonid"]
[Black "Bures, Jaroslav"]
[Result "1/2-1/2"]
[ECO "A20"]
[WhiteElo "2383"]
[BlackElo "2406"]
[Annotator "NA"]
[PlyCount "21"]
[EventDate "2018.06.21"]
[EventCountry "CZE"]
[SourceTitle "playchess.com"]
[Source "ChessBase"]
[SourceQuality "1"]
[TimeControl "40/5400+30:1800+30"]

1. c4 e5 2. a3 Nf6 3. e3 c5 4. d4 d6 5. Nc3 Nc6 6. d5 Ne7 7. e4 h5 8. Bg5 Ng6 9. h4 Be7 10. Bxf6 Bxf6 11. g3 1/2-1/2

[Event "Ceske Budejovice GM 2018"]
[Site "Ceske Budejovice"]
[Date "2018.06.26"]
[Round "6"]
[White "Nguyen, Piotr"]
[Black "Bures, Jaroslav"]
[Result "1/2-1/2"]
[ECO "A13"]
[WhiteElo "2397"]
[BlackElo "2406"]
[Annotator "ChessBase"]
[PlyCount "148"]
[EventDate "2018.06.21"]
[EventCountry "CZE"]
[SourceTitle "playchess.com"]
[Source "ChessBase"]
[SourceQuality "1"]
[TimeControl "40/5400+30:1800+30"]

1. c4 e6 2. g3 d5 3. Bg2 Nf6 4. Nf3 dxc4 5. Qa4+ Bd7 6. Qxc4 Bc6 7. O-O Be7 8. Qc2 O-O 9. Nc3 Na6 10. a3 Bxf3 11. Bxf3 c6 12. Rd1 e5 13. e3 Qc7 14. b3 Rfd8 15. Bb2 Nc5 16. d3 a5 17. Ne2 Qb6 18. Bxe5 Qxb3 19. Qxb3 Nxb3 20. Rab1 a4 21. Bb2 Nd5 22. Nc1 Bxa3 23. Bxd5 Bxb2 24. Bxb3 Bxc1 25. Ba2 Ba3 26. Rxb7 Kh8 27. Bxf7 Bf8 28. Bc4 a3 29. Rdb1 g6 30. Rc7 Rdc8 31. Rd7 Rd8 32. Rc7 Rdc8 33. Rf7 Rcb8 34. Rxb8 Rxb8 35. Ra7 Rb2 36. g4 g5 37. Kg2 Bc5 38. Ra8+ Kg7 39. Kf3 Bb4 40. Ra7+ Kf8 41. h3 Be1 42. Rxa3 Rxf2+ 43. Ke4 Rh2 44. Ra1 Bh4 45. Ra6 Rxh3 46. Rxc6 Be1 47. Rf6+ Kg7 48. Rf3 Rh4 49. Kf5 h5 50. Rf1 Bd2 51. Kxg5 Rxg4+ 52. Kxh5 Rg3 53. Rf7+ Kh8 54. e4 Bc3 55. Rf5 Kg7 56. Rf7+ Kh8 57. Re7 Bf6 58. Re6 Kg7 59. Ra6 Rg5+ 60. Kh4 Ra5+ 61. Kg4 Rxa6 62. Bxa6 Kf7 63. Kf5 Bc3 64. e5 Ke7 65. Ke4 Ba5 66. Kd5 Bb6 67. Bc8 Ba7 68. Bg4 Bb6 69. Kc4 Ba7 70. d4 Bb6 71. d5 Bc7 72. Kd4 Bb8 73. d6+ Bxd6 74. exd6+ Kxd6 1/2-1/2

[Event "Ceske Budejovice GM 2018"]
[Site "Ceske Budejovice"]
[Date "2018.06.29"]
[Round "9"]
[White "Mirzoev, Azer"]
[Black "Svoboda, Svatopluk"]
[Result "1/2-1/2"]
[ECO "D91"]
[WhiteElo "2506"]
[BlackElo "2434"]
[Annotator "ChessBase"]
[PlyCount "31"]
[EventDate "2018.06.21"]
[EventCountry "CZE"]
[SourceTitle "playchess.com"]
[Source "ChessBase"]
[SourceQuality "1"]
[TimeControl "40/5400+30:1800+30"]

1. d4 Nf6 2. c4 g6 3. Nc3 d5 4. Nf3 Bg7 5. Bg5 Ne4 6. Bh4 Nxc3 7. bxc3 c5 8. cxd5 Qxd5 9. e3 Nc6 10. Be2 cxd4 11. cxd4 O-O 12. O-O Bf5 13. Qb3 Qxb3 14. axb3 Rfc8 15. Rfc1 e5 16. dxe5 1/2-1/2

[Event "Ceske Budejovice GM 2018"]
[Site "Ceske Budejovice"]
[Date "2018.06.29"]
[Round "9"]
[White "Cernousek, Lukas"]
[Black "Nguyen, Piotr"]
[Result "0-1"]
[ECO "B09"]
[WhiteElo "2462"]
[BlackElo "2397"]
[Annotator "ChessBase"]
[PlyCount "68"]
[EventDate "2018.06.21"]
[EventCountry "CZE"]
[SourceTitle "playchess.com"]
[Source "ChessBase"]
[SourceQuality "1"]
[TimeControl "40/5400+30:1800+30"]

1. e4 d6 2. d4 Nf6 3. Nc3 g6 4. f4 Bg7 5. Nf3 O-O 6. e5 dxe5 7. fxe5 Nd5 8. Bc4 Be6 9. Qe2 Nxc3 10. bxc3 Bxc4 11. Qxc4 Nc6 12. O-O Na5 13. Qd3 Qd5 14. a4 b6 15. Bf4 c5 16. Rae1 Rac8 17. Ng5 h6 18. Ne4 cxd4 19. cxd4 Qc4 20. Qe3 g5 21. Bg3 Qxc2 22. Qf3 Qxa4 23. d5 Qd4+ 24. Kh1 Nc4 25. d6 Nxe5 26. Bxe5 Qxe5 27. Ng3 Rc3 28. Qb7 Qxd6 29. Nf5 Qc7 30. Nxe7+ Kh8 31. Qd5 Qc4 32. Qd6 Rd3 33. Ng6+ Kg8 34. Ne7+ Kh7 0-1

[Event "Ceske Budejovice GM 2018"]
[Site "Ceske Budejovice"]
[Date "2018.06.29"]
[Round "9"]
[White "Plischki, Sebastian"]
[Black "Voloshin, Leonid"]
[Result "1/2-1/2"]
[ECO "D67"]
[WhiteElo "2413"]
[BlackElo "2383"]
[Annotator "ChessBase"]
[PlyCount "20"]
[EventDate "2018.06.21"]
[EventCountry "CZE"]
[SourceTitle "playchess.com"]
[Source "ChessBase"]
[SourceQuality "1"]
[TimeControl "40/5400+30:1800+30"]

1. d4 d5 2. c4 e6 3. Nc3 Nf6 4. Bg5 Be7 5. e3 O-O 6. Nf3 Nbd7 7. Rc1 c6 8. Bd3 dxc4 9. Bxc4 Nd5 10. Bxe7 Qxe7 1/2-1/2

[Event "Ceske Budejovice GM 2018"]
[Site "Ceske Budejovice"]
[Date "2018.06.29"]
[Round "9"]
[White "Bures, Jaroslav"]
[Black "Simacek, Pavel"]
[Result "0-1"]
[ECO "A05"]
[WhiteElo "2406"]
[BlackElo "2490"]
[Annotator "ChessBase"]
[PlyCount "74"]
[EventDate "2018.06.21"]
[EventCountry "CZE"]
[SourceTitle "playchess.com"]
[Source "ChessBase"]
[SourceQuality "1"]
[TimeControl "40/5400+30:1800+30"]

1. Nf3 Nf6 2. g3 d6 3. Bg2 e5 4. d3 Be7 5. c4 O-O 6. Nc3 c5 7. O-O Nc6 8. a3 h6 9. b4 cxb4 10. Nd5 bxa3 11. Nxe7+ Qxe7 12. Bxa3 Rd8 13. Qb3 Be6 14. Rfb1 Rab8 15. Nd2 Nd4 16. Qd1 Bg4 17. f3 Be6 18. e3 Nc6 19. d4 exd4 20. e4 Qc7 21. Bf1 Nd7 22. f4 Nc5 23. e5 b6 24. Qh5 Qd7 25. exd6 Bf5 26. Re1 Nd3 27. Re7 Nxe7 28. dxe7 Re8 29. Bxd3 Bxd3 30. Re1 b5 31. Qd5 Rb7 32. Qxd7 Rxd7 33. cxb5 Bxb5 34. Kf2 f6 35. Ne4 Bc6 36. Nd6 Rexe7 37. Rc1 Bd5 0-1